 Dungeon Crawl Stone Soup version 0.26.1-2-gb8aa6d0cf2 (webtiles) character file.

Game seed: 5585520585738805191

84 Gnirx the Digger (level 4, -1/24 HPs)
             Began as a Gargoyle Earth Elementalist on Feb 20, 2021.
             Slain by an iguana (3 damage)
             ... on level 3 of the Dungeon.
             The game lasted 00:04:37 (3625 turns).

Gnirx the Digger (Gargoyle Earth Elementalist)      Turns: 3625, Time: 00:04:39

Health: -1/24      AC:  8    Str: 11    XL:     4   Next: 46%
Magic:  6/7        EV: 12    Int: 17    God:
Gold:   198        SH:  0    Dex: 10    Spells: 6/7 levels left

rFire    . . .     SeeInvis +   k - +0 mace
rCold    . . .     Faith    .   (no shield)
rNeg     + + .     Spirit   .   c - +0 robe
rPois    ∞         Reflect  .   (no helmet)
rElec    +         Harm     .   (no cloak)
rCorr    .         Rampage  .   (no gloves)
Will     .....                  n - +2 pair of boots
Stlth    ++........             (no amulet)
HPRegen  0.08/turn              h - ring of see invisible
MPRegen  0.10/turn              l - ring of positive energy

@: no status effects
A: negative energy resistance 1, electricity resistance, unbreathing,
petrification resistance, miasma immunity, AC +3
a: no special abilities


You were on level 3 of the Dungeon.
You visited 1 branch of the dungeon, and saw 3 of its levels.

You collected 198 gold pieces.

Inventory:

Hand Weapons
 k - a +0 mace (weapon)
Missiles
 b - 136 stones
Armour
 c - a +0 robe (worn)
 d - a scarf of harm
 n - a +2 pair of boots (worn)
Jewellery
 h - a ring of see invisible (left hand)
 l - a ring of positive energy (right hand)
Scrolls
 a - 2 scrolls of remove curse {unknown}
 g - 2 scrolls of enchant weapon
 j - 2 scrolls of amnesia {unknown}
Potions
 e - a potion of invisibility {unknown}
 f - a potion of brilliance
 i - 2 potions of curing {unknown}
 m - a potion of cancellation {unknown}


   Skills:
 - Level 1.5 Dodging
 - Level 2.1 Stealth
 - Level 2.0 Spellcasting
 - Level 0.7 Transmutations
 + Level 6.2 Earth Magic


You had 6 spell levels left.
You knew the following spells:

 Your Spells              Type           Power        Failure   Level
a - Sandblast             Erth           44%          1%          1

Your spell library contained the following spells:

 Spells                   Type           Power        Failure   Level
 Passwall                 Tmut/Erth      10%          7%          2
 Stone Arrow              Conj/Erth      24%          16%         3
 Lee's Rapid Deconstruct  Erth           11%          38%         5
 Petrify                  Tmut/Erth      13%          43%         4


Dungeon Overview and Level Annotations

Branches:
Dungeon (3/15)

Altars:
Ashenzari
Sif Muna


Innate Abilities, Weirdness & Mutations

You are resistant to torment.
Your stone body is resilient. (AC +3)
You are immune to poison.
You resist negative energy. (rN+)
You are resistant to electric shocks. (rElec)
You can survive without breathing.
You are immune to petrification.
You are immune to miasma.


Message History

You closely miss the iguana.
The iguana is almost dead.
The iguana barely misses you.
You hit the iguana.
The iguana is almost dead.
The iguana bites you.
You hit the iguana but do no damage.
The iguana is almost dead.
The iguana bites you. The iguana bites you!
* * * LOW HITPOINT WARNING * * *
You barely miss the iguana.
The iguana is almost dead.
The iguana barely misses you.
Aiming: Sandblast (safe; 1% risk of failure)
Press: ? - help, Q - select action, (/) - cycle Shift-Dir - straight line, f/p - iguana
Aim: an iguana (almost dead, 17% to evade)
The blast of sand hits the iguana but does no damage.
The iguana is almost dead.
The iguana bites you.
You die...

##### ##...###
#......###
##..#.....#####
#.....##....'.###
##.......##.##...#
#.....⌠..#..#..#...#
##.#......#.##.####...#
#...###.....#..# #..
#'#...#..#.##@.# .
####.###......#.l...⌠...
..##...###...##.......#.
###..#...###.#.$...#....
##.####...#####....##..
#.....#.....# ###... .
##.#.....##.## ##..
#.....⌠.....# ##.
#..#....#..##


You could see an iguana.

Vanquished Creatures
  A worker ant zombie (D:2)
  2 adders (D:2)
  A worm (D:2)
  A dart slug (D:2)
  2 leopard geckos (D:1)
  7 bats
  4 giant cockroaches
  7 goblins
  4 hobgoblins
  3 quokkas
  A frilled lizard (D:2)
  8 kobolds
  5 rats
46 creatures vanquished.

Vanquished Creatures (others)
  A minotaur (D:1)
  2 draconians (D:1)
  2 octopodes (D:1)
  A vine stalker (D:1)
  2 elves (D:1)
  2 formicids (D:1)
  A human (D:1)
  A naga (D:1)
  A centaur (D:1)
  A mummy (D:1)
  An orc (D:1)
  11 tentacles (D:1)
26 creatures vanquished.

Grand Total: 72 creatures vanquished

Notes
Turn   | Place    | Note
-------+----------+-------------------------------------------
     0 | D:1      | Gnirx the Gargoyle Earth Elementalist began the quest for
                  | the Orb.
     0 | D:1      | Reached XP level 1. HP: 10/10 MP: 3/3
     2 | D:1      | Killed a formicid
     5 | D:1      | Killed a naga
     6 | D:1      | Noticed an elf
     6 | D:1      | Noticed a human
     6 | D:1      | Noticed a draconian
     6 | D:1      | Noticed a centaur
     6 | D:1      | Noticed a minotaur
     6 | D:1      | Noticed an octopode
     6 | D:1      | Noticed a vine stalker
     6 | D:1      | Noticed a kraken
     6 | D:1      | Noticed a draconian
     6 | D:1      | Noticed an elf
     6 | D:1      | Noticed a formicid
     6 | D:1      | Noticed an octopode
     6 | D:1      | Killed an octopode
     7 | D:1      | Killed a centaur
     8 | D:1      | Killed a human
    14 | D:1      | Killed a draconian
    16 | D:1      | Killed a draconian
    18 | D:1      | Killed an elf
    20 | D:1      | Killed a vine stalker
    24 | D:1      | Killed a formicid
    25 | D:1      | Killed an elf
    25 | D:1      | Killed a minotaur
    27 | D:1      | Killed an octopode
   167 | D:1      | Reached skill level 4 in Earth Magic
   252 | D:1      | Reached XP level 2. HP: 6/15 MP: 3/5
  1867 | D:2      | Reached skill level 5 in Earth Magic
  1867 | D:2      | Reached XP level 3. HP: 17/19 MP: 6/6
  1977 | D:2      | Found a shimmering blue altar of Sif Muna.
  2648 | D:2      | Found a broken altar of Ashenzari.
  2900 | D:2      | Reached XP level 4. HP: 15/24 MP: 7/7
  3068 | D:2      | Reached skill level 6 in Earth Magic
  3625 | D:3      | Slain by an iguana

Illustrated notes

Levels and vault maps discovered:
D:1:      nicolae_arrival_kraken_aquarium_b, layout_basic, serial_bayou_crossing
D:2:      layout_rooms, overflow_temple_1_default, ashenzari_conservatory_becter
D:3:      minmay_skewed_foursquare, layout_loops_corners, uniq_natasha

Skill      XL: |  1  2  3  4 |
---------------+-------------+-----
Earth Magic    | 4 5 6 |  6.2
Dodging        | |  1.5
Stealth        | |  2.1
Spellcasting   | |  2.0
Transmutations | |  0.7

Action                   |  1- 3 |  4- 6 || total
-------------------------+-------+-------++-------
Melee: Unarmed           |   151 |       ||   151
       Mace              |    62 |    39 ||   101
 Cast: Sandblast         |    19 |     2 ||    21
  Use: Scroll            |     4 |       ||     4
 Stab: Sleeping          |     3 |     1 ||     4
Armor: Robe              |    89 |    22 ||   111
Dodge: Dodged            |   176 |    25 ||   201
